Thunder vs Diablos
(R1)
Created - April 11, 2019 at 19:45
Goals
|
| Thunder |
1 |
2 |
3 |
6 |
| Diablos |
1 |
2 |
6 |
9 |
|
Shots
|
| Thunder |
6 |
12 |
19 |
37 |
| Diablos |
11 |
8 |
10 |
29 |
|
1st period
1. Diablos , Jason Akeson 36 (Viktor Loov 16) at 17:16
2. Thunder , Dany Roussin 41 (Ryan Nugent-Hopkins 43) at 18:19
Penalties :
Tyler Pitlick (Don) for Slashing (Double Minor) at 7:38, Jordan Szwarz (Don) for Hooking (Minor) at 15:12
2nd period
3. Diablos , Corey Trivino 25 (Jordan Szwarz 32) at 0:52
4. Thunder , Ryan Nugent-Hopkins 25 (Dany Roussin 36) at 1:06
5. Thunder , Dany Roussin 42 (Benn Ferriero 1) at 2:40
6. Diablos , Nick Spaling 44 (Lars Eller 69) at 4:06 (PP)
Penalties :
Austin Wuthrich (TRO) for Holding (Minor) at 4:04, Cameron Gaunce (Don) for Hooking (Minor) at 6:00, Joe Labate (TRO) for Tripping (Minor) at 12:47, Duncan Siemens (TRO) for Hooking (Minor) at 17:53
3rd period
7. Diablos , Danny Kristo 23 (Bryan Bickell 25) at 0:54
8. Thunder , Dany Roussin 43 (Benn Ferriero 2) at 4:00
9. Diablos , Lars Eller 33 (Cameron Gaunce 35, Nick Spaling 43) at 4:12
10. Diablos , Nick Spaling 45 (Jason Akeson 38, Lars Eller 70) at 7:49 (PP)
11. Thunder , Jake Muzzin 3 (Jared Staal 14) at 9:59 (PP)
12. Diablos , Bryan Bickell 17 (Danny Kristo 12, Marek Zagrapan 23) at 11:33
13. Diablos , Jordan Szwarz 27 (Cameron Gaunce 36) at 13:27 (PP)
14. Diablos , Bryan Bickell 18 (Danny Kristo 13, Marek Zagrapan 24) at 16:44
15. Thunder , Joe Labate 8 (Mikko Vainonen 9, Thomas Spelling 25) at 18:21
Penalties :
Jake Muzzin (TRO) for Hooking (Minor) at 4:19, Gianluca Curcuruto (TRO) for Holding (Minor) at 7:45, Lars Eller (Don) for High sticking (Minor) at 8:18, Duncan Siemens (TRO) for Hooking (Minor) at 12:54, David Wolf (TRO) for Cross-checking (Minor) at 13:40, Jiri Sekac (Don) for Unsportsmanlike conduct (Minor) at 19:05
Goalie Stats
Devan Dubnyk (TRO), 18 saves from 24 shots - (0.750), 47:49 minutes
Niklas Treutle (TRO), 2 saves from 5 shots - (0.400), L, 7-6-1, 12:11 minutes
Kristers Gudlevskis (Don), 31 saves from 37 shots - (0.838), W, 18-22-5, 60:00 minutes
Players Stats for Thunder
Player Name G A P +/- PIM S H SB GA TA FO MP PP MP PK MP
------------------------------------------------------------------------------------
Adam Clendening 0 0 0 -1 0 1 0 0 0 0 0/0 20:22 4:03 3:22
Artur Gavrus 0 0 0 0 0 0 0 0 0 0 0/0 0:00 0:00 0:00
Austin Wuthrich 0 0 0 -1 2 1 0 0 0 0 0/0 6:47 0:00 0:00
Benn Ferriero 0 2 2 1 0 4 2 0 1 0 0/3 24:00 5:17 4:58
Colby Cave 0 0 0 -2 0 0 0 0 0 0 0/1 4:44 1:57 0:00
Dany Roussin 3 1 4 3 0 4 0 1 0 0 0/7 18:06 3:46 3:17
David Wolf 0 0 0 0 2 1 2 1 0 1 1/1 15:41 4:17 1:14
Duncan Siemens 0 0 0 -1 4 3 3 3 0 1 0/0 19:13 4:03 2:10
Gianluca Curcuruto 0 0 0 2 2 1 3 0 0 1 0/0 12:47 0:35 2:02
Jake Muzzin 1 0 1 -2 2 1 1 1 1 1 0/0 27:29 5:54 3:50
Jamie McGinn 0 0 0 -1 0 1 2 0 0 1 0/0 9:56 0:00 0:00
Jared Staal 0 1 1 0 0 1 3 0 0 0 0/0 14:06 4:18 0:00
Jarrod Maidens 0 0 0 0 0 0 0 0 0 0 0/2 2:17 0:00 2:17
Joe Labate 1 0 1 -1 2 5 0 0 1 0 2/3 9:57 0:00 0:00
Mikko Vainonen 0 1 1 2 0 3 1 0 0 0 0/0 10:46 0:35 0:00
Nikolay Prokhorkin 0 0 0 -1 0 0 0 0 0 0 0/0 8:13 0:24 0:38
Peter Andersson 0 0 0 -2 0 1 2 5 1 2 0/0 29:27 5:54 5:46
Ryan Nugent-Hopkins 1 1 2 1 0 7 5 0 0 0 15/32 22:01 5:12 2:56
Thomas Spelling 0 1 1 -1 0 2 2 1 2 0 0/0 10:45 0:46 0:00
Trevor Lewis 0 0 0 0 0 0 1 2 1 0 2/8 15:58 4:17 1:45
Vincent Dunn 0 0 0 0 0 0 1 0 0 0 0/0 1:10 1:05 0:00
Zach Stepan 0 0 0 -1 0 1 0 0 0 0 0/3 7:33 0:17 0:05
Players Stats for Diablos
Player Name G A P +/- PIM S H SB GA TA FO MP PP MP PK MP
------------------------------------------------------------------------------------
Alex Petrovic 0 0 0 0 0 0 2 1 0 1 0/0 21:46 2:54 5:49
Andrei Mironov 0 0 0 1 0 0 2 1 0 0 0/0 14:15 0:00 3:56
Brian Dumoulin 0 0 0 0 0 0 2 1 0 1 0/0 19:19 5:41 0:37
Bryan Bickell 2 1 3 2 0 2 3 0 0 1 0/0 15:21 3:39 1:40
Cameron Gaunce 0 2 2 0 2 2 2 1 2 2 0/0 27:56 5:41 4:38
Corey Trivino 1 0 1 0 0 2 0 0 1 0 7/13 19:15 3:39 5:20
Danny Kristo 1 2 3 2 0 2 0 0 0 0 0/0 9:33 0:00 0:00
Jason Akeson 1 1 2 -1 0 2 2 1 1 1 1/1 21:58 4:48 3:31
Jiri Sekac 0 0 0 0 2 1 0 0 0 0 0/0 10:30 0:08 0:00
Jordan Szwarz 1 1 2 1 2 2 2 0 0 0 1/1 13:59 3:39 0:00
Lars Eller 1 2 3 -1 2 5 3 0 1 0 25/36 21:20 4:48 2:54
Marek Zagrapan 0 2 2 2 0 1 2 0 1 0 2/5 9:33 0:00 0:00
Nick Spaling 2 1 3 -2 0 4 0 0 0 0 2/2 23:43 4:48 5:21
Peter Holland 0 0 0 0 0 0 3 0 0 0 2/2 9:51 0:08 2:18
Philip Larsen 0 0 0 0 0 5 1 3 0 1 0/0 22:21 2:54 2:01
Sergey Tolchinsky 0 0 0 0 0 0 0 0 0 0 0/0 6:49 0:00 0:00
Tyler Pitlick 0 0 0 0 4 1 3 0 0 0 0/0 7:32 0:08 0:00
Viktor Loov 0 1 1 1 0 0 0 2 1 0 0/0 14:22 0:00 4:03
3 Stars
1 - Dany Roussin (TRO)
2 - Bryan Bickell (Don)
3 - Danny Kristo (Don)
Power Play
Thunder - 1 on 6 Attempt(s) - 16.67%
Diablos - 3 on 7 Attempt(s) - 42.86%
Penalty Kill
Thunder - 4 on 7 Attempt(s) - 57.14%
- Score 0 goal in Penalty Kill
Diablos - 5 on 6 Attempt(s) - 83.33%
- Score 0 goal in Penalty Kill
Team Stat
Thunder - Hits : 28 - Faceoff Wins : 20 - Blocked Shots : 14 - Penalty Minutes : 14
Diablos - Hits : 27 - Faceoff Wins : 40 - Blocked Shots : 10 - Penalty Minutes : 12
Official
Referees : Unknown
Linesman : Unknown
Game Notes
Dany Roussin has scored a Hat Trick!
Niklas Treutle enters game at 7:49 of 3rd period
Dany Roussin is injured at 8:09 of 3rd period (Bruised Left Shoulder)
Finance
Level 1 -- Attendance: 1429 (71.45%) -- Ticket Income $38,583
Level 2 -- Attendance: 777 (77.70%) -- Ticket Income $7,770
Total Attendance: 2206 (73.53%)
Total Ticket Income: $46,353
Other Income: $2,318
Total Income: $48,671
Thunder
5 vs 5 Forward
Center Left Wing Right Wing Time % Phy DF OF
1 Ryan Nugent-Hopkins Dany Roussin Benn Ferriero 40 1 2 2
2 Trevor Lewis David Wolf Jared Staal 30 1 2 2
3 Joe Labate Jamie McGinn Thomas Spelling 20 1 2 2
4 Zach Stepan Nikolay Prokhorkin Austin Wuthrich 10 1 2 2
5 vs 5 Defense
Defense Defense Time % Phy DF OF
1 Jake Muzzin Peter Andersson 40 1 2 2
2 Adam Clendening Duncan Siemens 30 1 2 2
3 Mikko Vainonen Gianluca Curcuruto 20 1 2 2
4 Jake Muzzin Peter Andersson 10 1 2 2
PowerPlay Forward
Center Left Wing Right Wing Time % Phy DF OF
1 Ryan Nugent-Hopkins Dany Roussin Benn Ferriero 60 1 2 2
2 Trevor Lewis David Wolf Jared Staal 40 1 2 2
PowerPlay Defense
Defense Defense Time % Phy DF OF
1 Jake Muzzin Peter Andersson 60 1 2 2
2 Adam Clendening Duncan Siemens 40 1 2 2
Penalty Kill 4 Players Forward
Center Wing Time % Phy DF OF
1 Dany Roussin Benn Ferriero 60 1 2 2
2 Ryan Nugent-Hopkins Trevor Lewis 40 1 2 2
Penalty Kill 4 Players Defense
Defense Defense Time % Phy DF OF
1 Jake Muzzin Peter Andersson 60 1 2 2
2 Adam Clendening Duncan Siemens 40 1 2 2
Penalty Kill - 3 Players Forward
Forward Time % Phy DF OF
1 Dany Roussin 60 1 2 2
2 Benn Ferriero 40 1 2 2
Penalty Kill - 3 Players Defense
Defense Defense Time % Phy DF OF
1 Jake Muzzin Peter Andersson 60 1 2 2
2 Adam Clendening Duncan Siemens 40 1 2 2
4 vs 4 Forward
Center Wing Time % Phy DF OF
1 Dany Roussin Benn Ferriero 60 1 2 2
2 Ryan Nugent-Hopkins Trevor Lewis 40 1 2 2
4 vs 4 Defense
Defense Defense Time % Phy DF OF
1 Jake Muzzin Peter Andersson 60 1 2 2
2 Adam Clendening Duncan Siemens 40 1 2 2
Last Minutes Offensive
Center Left Wing Right Wing Defense Defense
Ryan Nugent-Hopkins Dany Roussin Benn Ferriero Jake Muzzin Peter Andersson
Last Minutes Defensive
Center Left Wing Right Wing Defense Defense
Ryan Nugent-Hopkins Dany Roussin Benn Ferriero Jake Muzzin Peter Andersson
Goaltenders
Starting : Devan Dubnyk
Backup : Niklas Treutle
Extra Forwards
Normal : Colby Cave, Vincent Dunn, Jarrod Maidens - PP : Colby Cave, Vincent Dunn - PK : Jarrod Maidens
Extra Defensemen
Normal : Mikko Vainonen, Gianluca Curcuruto, Adam Clendening - PP : Mikko Vainonen - PK : Gianluca Curcuruto, Adam Clendening
Penalty Shots
Dany Roussin, Benn Ferriero, Ryan Nugent-Hopkins, Trevor Lewis, David Wolf
Scratches
Morgan Rielly (Healthy)
Diablos
5 vs 5 Forward
Center Left Wing Right Wing Time % Phy DF OF
1 Lars Eller Nick Spaling Jason Akeson 40 0 2 3
2 Corey Trivino Jiri Sekac Jordan Szwarz 30 0 2 3
3 Marek Zagrapan Bryan Bickell Danny Kristo 20 0 2 3
4 Peter Holland Sergey Tolchinsky Tyler Pitlick 10 1 3 1
5 vs 5 Defense
Defense Defense Time % Phy DF OF
1 Cameron Gaunce Philip Larsen 40 0 3 2
2 Alex Petrovic Brian Dumoulin 30 0 3 2
3 Viktor Loov Andrei Mironov 20 0 3 2
4 Cameron Gaunce Alex Petrovic 10 0 3 2
PowerPlay Forward
Center Left Wing Right Wing Time % Phy DF OF
1 Lars Eller Nick Spaling Jason Akeson 60 0 0 5
2 Corey Trivino Bryan Bickell Jordan Szwarz 40 0 0 5
PowerPlay Defense
Defense Defense Time % Phy DF OF
1 Cameron Gaunce Brian Dumoulin 60 0 1 4
2 Philip Larsen Alex Petrovic 40 0 1 4
Penalty Kill 4 Players Forward
Center Wing Time % Phy DF OF
1 Corey Trivino Nick Spaling 60 0 5 0
2 Lars Eller Jason Akeson 40 0 5 0
Penalty Kill 4 Players Defense
Defense Defense Time % Phy DF OF
1 Cameron Gaunce Alex Petrovic 60 0 5 0
2 Viktor Loov Andrei Mironov 40 0 5 0
Penalty Kill - 3 Players Forward
Forward Time % Phy DF OF
1 Peter Holland 60 0 5 0
2 Lars Eller 40 0 5 0
Penalty Kill - 3 Players Defense
Defense Defense Time % Phy DF OF
1 Cameron Gaunce Alex Petrovic 60 0 5 0
2 Viktor Loov Brian Dumoulin 40 0 5 0
4 vs 4 Forward
Center Wing Time % Phy DF OF
1 Marek Zagrapan Jason Akeson 60 0 2 3
2 Lars Eller Jordan Szwarz 40 0 2 3
4 vs 4 Defense
Defense Defense Time % Phy DF OF
1 Cameron Gaunce Alex Petrovic 60 0 2 3
2 Philip Larsen Alex Petrovic 40 0 2 3
Last Minutes Offensive
Center Left Wing Right Wing Defense Defense
Lars Eller Nick Spaling Jason Akeson Cameron Gaunce Alex Petrovic
Last Minutes Defensive
Center Left Wing Right Wing Defense Defense
Lars Eller Nick Spaling Jordan Szwarz Cameron Gaunce Alex Petrovic
Goaltenders
Starting : Kristers Gudlevskis
Backup : Andrew Hammond
Extra Forwards
Normal : Jordan Szwarz, Marek Zagrapan, Jason Akeson - PP : Jordan Szwarz, Jason Akeson - PK : Nick Spaling
Extra Defensemen
Normal : Brian Dumoulin, Philip Larsen, Alex Petrovic - PP : Brian Dumoulin - PK : Philip Larsen, Alex Petrovic
Penalty Shots
Nick Spaling, Jordan Szwarz, Lars Eller, Jiri Sekac, Bryan Bickell
Scratches
Tyler Lewington (Healthy), Tobias Lindberg (Healthy), Andrey Pedan (Healthy), Nikita Nesterov (Healthy), Charles Hudon (Healthy)
Barclay Goodrow (Healthy), David Musil (Healthy), Darcy Kuemper (Healthy), Joni Ortio (Healthy)
% Time on Ice - Thunder
Lines # - Real PCT - Wanted PCT - Time Play
Normal Forward
1 - 35% - 40% - 14:13
2 - 24% - 30% - 9:56
3 - 24% - 20% - 9:56
4 - 17% - 10% - 6:48
Normal Defense
1 - 42% - 40% - 17:14
2 - 32% - 30% - 12:57
3 - 25% - 20% - 10:11
4 - 1% - 10% - 0:31
PP Forward
1 - 54% - 60% - 5:40
2 - 46% - 40% - 4:52
PP Defense
1 - 62% - 60% - 6:29
2 - 38% - 40% - 4:03
PK Forward
1 - 80% - 60% - 6:50
2 - 20% - 40% - 1:45
PK Defense
1 - 61% - 60% - 5:13
2 - 39% - 40% - 3:22
PK3 Forward
1 - 0% - 60%
2 - 0% - 40%
PK3 Defense
1 - 0% - 60%
2 - 0% - 40%
44 Forward
1 - 0% - 60%
2 - 0% - 40%
44 Defense
1 - 0% - 60%
2 - 0% - 40%
Last Minute Offensive - 0:00
Last Minute Defensive - 0:00
Total
Forward - 60:00
Defense - 60:00
|
% Time on Ice - Diablos
Lines # - Real PCT - Wanted PCT - Time Play
Normal Forward
1 - 35% - 40% - 14:10
2 - 25% - 30% - 10:21
3 - 23% - 20% - 9:33
4 - 17% - 10% - 6:49
Normal Defense
1 - 41% - 40% - 16:51
2 - 31% - 30% - 12:33
3 - 25% - 20% - 10:14
4 - 3% - 10% - 1:15
PP Forward
1 - 57% - 60% - 4:56
2 - 43% - 40% - 3:39
PP Defense
1 - 66% - 60% - 5:41
2 - 34% - 40% - 2:54
PK Forward
1 - 67% - 60% - 7:01
2 - 33% - 40% - 3:31
PK Defense
1 - 59% - 60% - 6:12
2 - 41% - 40% - 4:20
PK3 Forward
1 - 0% - 60%
2 - 0% - 40%
PK3 Defense
1 - 0% - 60%
2 - 0% - 40%
44 Forward
1 - 0% - 60%
2 - 0% - 40%
44 Defense
1 - 0% - 60%
2 - 0% - 40%
Last Minute Offensive - 0:00
Last Minute Defensive - 0:00
Total
Forward - 60:00
Defense - 60:00
|
Play-by-Play
1st period
0:01 of 1st period - Ryan Nugent-Hopkins wins face-off versus Lars Eller in neutral zone.
0:06 of 1st period - Snap shot by Dany Roussin.
0:06 of 1st period - Stopped by Kristers Gudlevskis with a rebound.
1:30 of 1st period - Snap shot by Ryan Nugent-Hopkins.
1:30 of 1st period - Stopped by Kristers Gudlevskis with a rebound.
1:32 of 1st period - Slapshot by Duncan Siemens.
1:32 of 1st period - Shot Blocked by Philip Larsen.
1:46 of 1st period - Trevor Lewis is hit by Tyler Pitlick.
2:14 of 1st period - Joe Labate is hit by Bryan Bickell and loses puck.
2:35 of 1st period - Benn Ferriero is hit by Lars Eller and loses puck.
3:14 of 1st period - Wrist shot by Tyler Pitlick.
3:14 of 1st period - Stopped by Devan Dubnyk with a rebound.
3:36 of 1st period - Snap shot by Joe Labate.
3:36 of 1st period - Deflect By Thomas Spelling.
3:36 of 1st period - Shot Misses the Net.
3:36 of 1st period - Puck is out of play.
3:37 of 1st period - Corey Trivino wins face-off versus Ryan Nugent-Hopkins in Diablos zone.
4:09 of 1st period - Trevor Lewis is hit by Andrei Mironov and loses puck.
4:29 of 1st period - Adam Clendening is hit by Bryan Bickell and loses puck.
4:50 of 1st period - Snap shot by Jiri Sekac.
4:50 of 1st period - Stopped by Devan Dubnyk with a rebound.
5:08 of 1st period - Wrist shot by Peter Holland.
5:08 of 1st period - Shot Misses the Net.
5:10 of 1st period - Snap shot by Alex Petrovic.
5:10 of 1st period - Shot Blocked by Duncan Siemens.
5:18 of 1st period - Wrist shot by Tyler Pitlick.
5:18 of 1st period - Shot Misses the Net.
5:28 of 1st period - Cameron Gaunce is hit by Jared Staal and loses puck.
6:01 of 1st period - Snap shot by Marek Zagrapan.
6:01 of 1st period - Stopped by Devan Dubnyk without a rebound.
6:02 of 1st period - Corey Trivino wins face-off versus Trevor Lewis in Thunder zone.
6:05 of 1st period - Snap shot by Jordan Szwarz.
6:05 of 1st period - Shot Blocked by Trevor Lewis.
6:07 of 1st period - Slapshot by Brian Dumoulin.
6:07 of 1st period - Shot Misses the Net.
6:09 of 1st period - Wrist shot by Jiri Sekac.
6:09 of 1st period - Shot Misses the Net.
6:11 of 1st period - Slapshot by Philip Larsen.
6:11 of 1st period - Stopped by Devan Dubnyk with a rebound.
6:13 of 1st period - Snap shot by Jordan Szwarz.
6:13 of 1st period - Shot Misses the Net.
6:15 of 1st period - Slapshot by Brian Dumoulin.
6:15 of 1st period - Deflect By Jordan Szwarz.
6:15 of 1st period - Stopped by Devan Dubnyk with a rebound.
6:17 of 1st period - Slapshot by Philip Larsen.
6:17 of 1st period - Stopped by Devan Dubnyk with a rebound.
6:34 of 1st period - Jamie McGinn is hit by Marek Zagrapan and loses puck.
7:27 of 1st period - Viktor Loov is hit by Gianluca Curcuruto.
7:38 of 1st period - Double Minor Penalty to Tyler Pitlick for Slashing.
7:39 of 1st period - Corey Trivino wins face-off versus Ryan Nugent-Hopkins in Diablos zone.
8:07 of 1st period - Nick Spaling is hit by Trevor Lewis and loses puck.
8:56 of 1st period - Trevor Lewis is hit by Peter Holland and loses puck.
9:39 of 1st period - Jake Muzzin is hit by Andrei Mironov.
9:56 of 1st period - Philip Larsen is hit by Thomas Spelling.
10:18 of 1st period - Jake Muzzin is hit by Brian Dumoulin and loses puck.
10:35 of 1st period - Bryan Bickell is hit by Benn Ferriero and loses puck.
11:38 of 1st period - Penalty to Tyler Pitlick is over, Tyler Pitlick is back on ice.
12:06 of 1st period - Icing by Tyler Pitlick.
12:07 of 1st period - Peter Holland wins face-off versus Zach Stepan in Diablos zone.
12:49 of 1st period - Andrei Mironov is hit by Thomas Spelling.
12:53 of 1st period - Bryan Bickell is hit by Jamie McGinn and loses puck.
13:28 of 1st period - Benn Ferriero is hit by Cameron Gaunce and loses puck.
13:41 of 1st period - Peter Holland is hit by Jake Muzzin and loses puck.
14:10 of 1st period - Jake Muzzin is hit by Marek Zagrapan and loses puck.
14:42 of 1st period - Ryan Nugent-Hopkins is hit by Peter Holland and loses puck.
15:00 of 1st period - Wrist shot by Jamie McGinn.
15:00 of 1st period - Shot Misses the Net.
15:02 of 1st period - Slapshot by Duncan Siemens.
15:02 of 1st period - Stopped by Kristers Gudlevskis with a rebound.
15:04 of 1st period - Snap shot by Thomas Spelling.
15:04 of 1st period - Shot Misses the Net.
15:06 of 1st period - Wrist shot by Jamie McGinn.
15:06 of 1st period - Shot Blocked by Viktor Loov.
15:12 of 1st period - Minor Penalty to Jordan Szwarz for Hooking.
15:13 of 1st period - Ryan Nugent-Hopkins wins face-off versus Corey Trivino in Diablos zone.
17:12 of 1st period - Penalty to Jordan Szwarz is over, Jordan Szwarz is back on ice.
17:16 of 1st period - Slapshot by Jason Akeson.
17:16 of 1st period - Goal by Jason Akeson - Thunder : 0 - Diablos : 1.
17:17 of 1st period - Lars Eller wins face-off versus Joe Labate in neutral zone.
17:47 of 1st period - Off-side.
17:48 of 1st period - Ryan Nugent-Hopkins wins face-off versus Corey Trivino in neutral zone.
17:57 of 1st period - Snap shot by Ryan Nugent-Hopkins.
17:57 of 1st period - Stopped by Kristers Gudlevskis with a rebound.
17:59 of 1st period - Slapshot by Jake Muzzin.
17:59 of 1st period - Shot Blocked by Brian Dumoulin.
18:17 of 1st period - Wrist shot by Dany Roussin.
18:17 of 1st period - Shot Misses the Net.
18:19 of 1st period - Wrist shot by Dany Roussin.
18:19 of 1st period - Goal by Dany Roussin - Thunder : 1 - Diablos : 1.
18:20 of 1st period - Lars Eller wins face-off versus Trevor Lewis in neutral zone.
18:27 of 1st period - Wrist shot by Nick Spaling.
18:27 of 1st period - Shot Misses the Net.
18:29 of 1st period - Snap shot by Philip Larsen.
18:29 of 1st period - Deflect By Lars Eller.
18:29 of 1st period - Shot Misses the Net.
18:29 of 1st period - Puck is out of play.
18:30 of 1st period - Lars Eller wins face-off versus Trevor Lewis in Thunder zone.
18:47 of 1st period - Wrist shot by Lars Eller.
18:47 of 1st period - Shot Misses the Net.
18:49 of 1st period - Slapshot by Philip Larsen.
18:49 of 1st period - Stopped by Devan Dubnyk without a rebound.
18:50 of 1st period - Ryan Nugent-Hopkins wins face-off versus Marek Zagrapan in Thunder zone.
18:57 of 1st period - Snap shot by Ryan Nugent-Hopkins.
18:57 of 1st period - Stopped by Kristers Gudlevskis with a rebound.
19:05 of 1st period - Slapshot by Philip Larsen.
19:05 of 1st period - Stopped by Devan Dubnyk with a rebound.
19:29 of 1st period - Alex Petrovic is hit by Ryan Nugent-Hopkins and loses puck.
19:50 of 1st period - Snap shot by Lars Eller.
19:50 of 1st period - Stopped by Devan Dubnyk with a rebound.
19:52 of 1st period - Wrist shot by Jason Akeson.
19:52 of 1st period - Shot Misses the Net.
19:54 of 1st period - Wrist shot by Lars Eller.
19:54 of 1st period - Stopped by Devan Dubnyk with a rebound.
Goals for this period are 1 for Thunder vs 1 for Diablos .
Shots for this period are 6 for Thunder vs 11 for Diablos .
2nd period
0:01 of 2nd period - Nick Spaling wins face-off versus Benn Ferriero in neutral zone.
0:14 of 2nd period - Cameron Gaunce is hit by Ryan Nugent-Hopkins and loses puck.
0:48 of 2nd period - Wrist shot by Corey Trivino.
0:48 of 2nd period - Shot Misses the Net.
0:50 of 2nd period - Slapshot by Cameron Gaunce.
0:50 of 2nd period - Stopped by Devan Dubnyk without a rebound.
0:51 of 2nd period - Jordan Szwarz wins face-off versus Zach Stepan in Thunder zone.
0:52 of 2nd period - Wrist shot by Corey Trivino.
0:52 of 2nd period - Goal by Corey Trivino - Thunder : 1 - Diablos : 2.
0:53 of 2nd period - Lars Eller wins face-off versus Ryan Nugent-Hopkins in neutral zone.
1:06 of 2nd period - Wrist shot by Ryan Nugent-Hopkins.
1:06 of 2nd period - Goal by Ryan Nugent-Hopkins - Thunder : 2 - Diablos : 2.
1:07 of 2nd period - Ryan Nugent-Hopkins wins face-off versus Lars Eller in neutral zone.
1:10 of 2nd period - Peter Andersson is hit by Jason Akeson and loses puck.
1:36 of 2nd period - Wrist shot by Cameron Gaunce.
1:36 of 2nd period - Shot Misses the Net.
1:38 of 2nd period - Slapshot by Cameron Gaunce.
1:38 of 2nd period - Shot Blocked by David Wolf.
1:40 of 2nd period - Slapshot by Cameron Gaunce.
1:40 of 2nd period - Stopped by Devan Dubnyk with a rebound.
1:42 of 2nd period - Snap shot by Cameron Gaunce.
1:42 of 2nd period - Shot Blocked by Peter Andersson.
1:44 of 2nd period - Snap shot by Philip Larsen.
1:44 of 2nd period - Stopped by Devan Dubnyk with a rebound.
2:17 of 2nd period - Peter Andersson is hit by Peter Holland and loses puck.
2:24 of 2nd period - Snap shot by Tyler Pitlick.
2:24 of 2nd period - Shot Blocked by Duncan Siemens.
2:38 of 2nd period - Slapshot by Dany Roussin.
2:38 of 2nd period - Shot Misses the Net.
2:40 of 2nd period - Wrist shot by Dany Roussin.
2:40 of 2nd period - Goal by Dany Roussin - Thunder : 3 - Diablos : 2.
2:41 of 2nd period - Lars Eller wins face-off versus Dany Roussin in neutral zone.
3:08 of 2nd period - Corey Trivino is hit by David Wolf and loses puck.
3:19 of 2nd period - Snap shot by Trevor Lewis.
3:19 of 2nd period - Shot Blocked by Philip Larsen.
3:31 of 2nd period - Slapshot by Corey Trivino.
3:31 of 2nd period - Shot Blocked by Thomas Spelling.
3:56 of 2nd period - Wrist shot by Tyler Pitlick.
3:56 of 2nd period - Shot Misses the Net.
4:04 of 2nd period - Minor Penalty to Austin Wuthrich for Holding.
4:05 of 2nd period - Lars Eller wins face-off versus Dany Roussin in Thunder zone.
4:06 of 2nd period - Snap shot by Nick Spaling.
4:06 of 2nd period - Goal by Nick Spaling - Thunder : 3 - Diablos : 3.
4:07 of 2nd period - Jason Akeson wins face-off versus Ryan Nugent-Hopkins in neutral zone.
4:57 of 2nd period - Jake Muzzin is hit by Brian Dumoulin and loses puck.
5:17 of 2nd period - Snap shot by Tyler Pitlick.
5:17 of 2nd period - Shot Misses the Net.
5:37 of 2nd period - Snap shot by Thomas Spelling.
5:37 of 2nd period - Shot Blocked by Jason Akeson.
5:39 of 2nd period - Slapshot by Joe Labate.
5:39 of 2nd period - Stopped by Kristers Gudlevskis with a rebound.
5:41 of 2nd period - Slapshot by Duncan Siemens.
5:41 of 2nd period - Shot Misses the Net.
5:49 of 2nd period - Snap shot by Jamie McGinn.
5:49 of 2nd period - Stopped by Kristers Gudlevskis without a rebound.
5:50 of 2nd period - Ryan Nugent-Hopkins wins face-off versus Corey Trivino in Diablos zone.
5:51 of 2nd period - Wrist shot by Benn Ferriero.
5:51 of 2nd period - Deflect By Ryan Nugent-Hopkins.
5:51 of 2nd period - Stopped by Kristers Gudlevskis with a rebound.
5:57 of 2nd period - Slapshot by Philip Larsen.
5:57 of 2nd period - Shot Misses the Net.
5:59 of 2nd period - Snap shot by Philip Larsen.
5:59 of 2nd period - Shot Misses the Net.
6:00 of 2nd period - Minor Penalty to Cameron Gaunce for Hooking.
6:01 of 2nd period - Corey Trivino wins face-off versus Ryan Nugent-Hopkins in Diablos zone.
6:10 of 2nd period - Snap shot by Philip Larsen.
6:10 of 2nd period - Shot Blocked by Dany Roussin.
6:48 of 2nd period - Snap shot by Ryan Nugent-Hopkins.
6:48 of 2nd period - Stopped by Kristers Gudlevskis without a rebound.
6:49 of 2nd period - Corey Trivino wins face-off versus Trevor Lewis in Diablos zone.
8:00 of 2nd period - Penalty to Cameron Gaunce is over, Cameron Gaunce is back on ice.
8:31 of 2nd period - Snap shot by Zach Stepan.
8:31 of 2nd period - Shot Blocked by Philip Larsen.
8:33 of 2nd period - Snap shot by Austin Wuthrich.
8:33 of 2nd period - Stopped by Kristers Gudlevskis with a rebound.
8:35 of 2nd period - Slapshot by Gianluca Curcuruto.
8:35 of 2nd period - Stopped by Kristers Gudlevskis with a rebound.
8:37 of 2nd period - Wrist shot by Zach Stepan.
8:37 of 2nd period - Shot Misses the Net.
8:39 of 2nd period - Slapshot by Mikko Vainonen.
8:39 of 2nd period - Stopped by Kristers Gudlevskis with a rebound.
8:41 of 2nd period - Slapshot by Mikko Vainonen.
8:41 of 2nd period - Shot Hit the Post.
10:12 of 2nd period - Snap shot by Jake Muzzin.
10:12 of 2nd period - Shot Blocked by Alex Petrovic.
10:14 of 2nd period - Wrist shot by Zach Stepan.
10:14 of 2nd period - Stopped by Kristers Gudlevskis without a rebound.
10:15 of 2nd period - Ryan Nugent-Hopkins wins face-off versus Lars Eller in Diablos zone.
10:28 of 2nd period - Slapshot by Benn Ferriero.
10:28 of 2nd period - Shot Misses the Net.
10:30 of 2nd period - Slapshot by Duncan Siemens.
10:30 of 2nd period - Stopped by Kristers Gudlevskis with a rebound.
10:45 of 2nd period - Slapshot by David Wolf.
10:45 of 2nd period - Shot Misses the Net.
10:47 of 2nd period - Snap shot by David Wolf.
10:47 of 2nd period - Shot Misses the Net.
10:49 of 2nd period - Snap shot by David Wolf.
10:49 of 2nd period - Shot Misses the Net.
11:21 of 2nd period - Lars Eller is hit by Ryan Nugent-Hopkins and loses puck.
11:28 of 2nd period - Snap shot by Dany Roussin.
11:28 of 2nd period - Shot Blocked by Cameron Gaunce.
11:38 of 2nd period - Trevor Lewis is hit by Cameron Gaunce and loses puck.
11:47 of 2nd period - Snap shot by Corey Trivino.
11:47 of 2nd period - Stopped by Devan Dubnyk without a rebound.
11:48 of 2nd period - Marek Zagrapan wins face-off versus Benn Ferriero in Thunder zone.
12:15 of 2nd period - Lars Eller is hit by Duncan Siemens and loses puck.
12:47 of 2nd period - Minor Penalty to Joe Labate for Tripping.
12:48 of 2nd period - Lars Eller wins face-off versus Dany Roussin in Thunder zone.
13:04 of 2nd period - Wrist shot by Nick Spaling.
13:04 of 2nd period - Stopped by Devan Dubnyk without a rebound.
13:05 of 2nd period - Lars Eller wins face-off versus Dany Roussin in Thunder zone.
14:47 of 2nd period - Penalty to Joe Labate is over, Joe Labate is back on ice.
15:13 of 2nd period - Andrei Mironov is hit by Jared Staal and loses puck.
15:18 of 2nd period - Slapshot by Trevor Lewis.
15:18 of 2nd period - Shot Blocked by Viktor Loov.
15:20 of 2nd period - Slapshot by Peter Andersson.
15:20 of 2nd period - Stopped by Kristers Gudlevskis with a rebound.
15:42 of 2nd period - Zach Stepan is hit by Philip Larsen and loses puck.
16:21 of 2nd period - Alex Petrovic is hit by Jamie McGinn and loses puck.
16:49 of 2nd period - Snap shot by Lars Eller.
16:49 of 2nd period - Deflect By Jason Akeson.
16:49 of 2nd period - Stopped by Devan Dubnyk without a rebound.
16:50 of 2nd period - Trevor Lewis wins face-off versus Lars Eller in Thunder zone.
16:50 of 2nd period - Trevor Lewis is hit by Alex Petrovic.
16:56 of 2nd period - Snap shot by Nick Spaling.
16:56 of 2nd period - Shot Misses the Net.
17:02 of 2nd period - Trevor Lewis is hit by Lars Eller and loses puck.
17:46 of 2nd period - Icing by Cameron Gaunce.
17:47 of 2nd period - David Wolf wins face-off versus Corey Trivino in Diablos zone.
17:53 of 2nd period - Minor Penalty to Duncan Siemens for Hooking.
17:54 of 2nd period - Lars Eller wins face-off versus Dany Roussin in Thunder zone.
18:44 of 2nd period - Dany Roussin is hit by Alex Petrovic and loses puck.
19:31 of 2nd period - Adam Clendening is hit by Jordan Szwarz.
19:51 of 2nd period - Philip Larsen is hit by Ryan Nugent-Hopkins.
19:53 of 2nd period - Penalty to Duncan Siemens is over, Duncan Siemens is back on ice.
Goals for this period are 2 for Thunder vs 2 for Diablos .
Shots for this period are 12 for Thunder vs 8 for Diablos .
3rd period
0:01 of 3rd period - Lars Eller wins face-off versus Ryan Nugent-Hopkins in neutral zone.
0:26 of 3rd period - Cameron Gaunce is hit by David Wolf and loses puck.
0:35 of 3rd period - Snap shot by Jordan Szwarz.
0:35 of 3rd period - Shot Blocked by Duncan Siemens.
0:42 of 3rd period - Icing by Adam Clendening.
0:43 of 3rd period - Joe Labate wins face-off versus Marek Zagrapan in Thunder zone.
0:54 of 3rd period - Snap shot by Danny Kristo.
0:54 of 3rd period - Goal by Danny Kristo - Thunder : 3 - Diablos : 4.
0:55 of 3rd period - Lars Eller wins face-off versus Ryan Nugent-Hopkins in neutral zone.
1:06 of 3rd period - Snap shot by Lars Eller.
1:06 of 3rd period - Deflect By Nick Spaling.
1:06 of 3rd period - Shot Blocked by Jake Muzzin.
1:06 of 3rd period - Puck is out of play.
1:07 of 3rd period - Lars Eller wins face-off versus Ryan Nugent-Hopkins in Thunder zone.
1:12 of 3rd period - Slapshot by Lars Eller.
1:12 of 3rd period - Stopped by Devan Dubnyk without a rebound.
1:13 of 3rd period - Lars Eller wins face-off versus Ryan Nugent-Hopkins in Thunder zone.
1:14 of 3rd period - Wrist shot by Nick Spaling.
1:14 of 3rd period - Shot Misses the Net.
1:28 of 3rd period - Wrist shot by Nick Spaling.
1:28 of 3rd period - Shot Misses the Net.
1:38 of 3rd period - Snap shot by Danny Kristo.
1:38 of 3rd period - Shot Hit the Post.
1:48 of 3rd period - Wrist shot by Marek Zagrapan.
1:48 of 3rd period - Shot Misses the Net.
1:50 of 3rd period - Wrist shot by Marek Zagrapan.
1:50 of 3rd period - Shot Blocked by Peter Andersson.
2:46 of 3rd period - Backhand shot by Tyler Pitlick.
2:46 of 3rd period - Shot Misses the Net.
2:48 of 3rd period - Slapshot by Viktor Loov.
2:48 of 3rd period - Shot Misses the Net.
3:02 of 3rd period - Snap shot by Duncan Siemens.
3:02 of 3rd period - Stopped by Kristers Gudlevskis without a rebound.
3:03 of 3rd period - Trevor Lewis wins face-off versus Marek Zagrapan in Diablos zone.
3:04 of 3rd period - Wrist shot by Jared Staal.
3:04 of 3rd period - Shot Misses the Net.
3:20 of 3rd period - Mikko Vainonen is hit by Bryan Bickell and loses puck.
3:27 of 3rd period - Slapshot by Bryan Bickell.
3:27 of 3rd period - Shot Hit the Post.
3:48 of 3rd period - Wrist shot by David Wolf.
3:48 of 3rd period - Deflect By Jared Staal.
3:48 of 3rd period - Shot Blocked by Andrei Mironov.
3:48 of 3rd period - Puck is out of play.
3:49 of 3rd period - Lars Eller wins face-off versus Ryan Nugent-Hopkins in Diablos zone.
3:58 of 3rd period - Wrist shot by Dany Roussin.
3:58 of 3rd period - Shot Misses the Net.
4:00 of 3rd period - Wrist shot by Dany Roussin.
4:00 of 3rd period - Goal by Dany Roussin - Thunder : 4 - Diablos : 4.
4:01 of 3rd period - Nick Spaling wins face-off versus Ryan Nugent-Hopkins in neutral zone.
4:06 of 3rd period - Slapshot by Lars Eller.
4:06 of 3rd period - Stopped by Devan Dubnyk with a rebound.
4:08 of 3rd period - Snap shot by Lars Eller.
4:08 of 3rd period - Shot Misses the Net.
4:10 of 3rd period - Wrist shot by Nick Spaling.
4:10 of 3rd period - Shot Blocked by Peter Andersson.
4:12 of 3rd period - Slapshot by Cameron Gaunce.
4:12 of 3rd period - Deflect By Lars Eller.
4:12 of 3rd period - Goal by Lars Eller - Thunder : 4 - Diablos : 5.
4:13 of 3rd period - Lars Eller wins face-off versus Ryan Nugent-Hopkins in neutral zone.
4:19 of 3rd period - Minor Penalty to Jake Muzzin for Hooking.
4:20 of 3rd period - Lars Eller wins face-off versus Dany Roussin in Thunder zone.
4:28 of 3rd period - Snap shot by Jason Akeson.
4:28 of 3rd period - Shot Misses the Net.
4:32 of 3rd period - Wrist shot by Lars Eller.
4:32 of 3rd period - Shot Misses the Net.
4:34 of 3rd period - Snap shot by Nick Spaling.
4:34 of 3rd period - Shot Misses the Net.
4:36 of 3rd period - Slapshot by Jason Akeson.
4:36 of 3rd period - Shot Misses the Net.
4:46 of 3rd period - Benn Ferriero is hit by Jordan Szwarz and loses puck.
5:06 of 3rd period - Backhand shot by Trevor Lewis.
5:06 of 3rd period - Deflect By Alex Petrovic.
5:06 of 3rd period - Shot Misses the Net.
5:06 of 3rd period - Puck is out of play.
5:07 of 3rd period - Ryan Nugent-Hopkins wins face-off versus Lars Eller in Diablos zone.
5:47 of 3rd period - Bryan Bickell is hit by Gianluca Curcuruto and loses puck.
5:56 of 3rd period - Corey Trivino is hit by Peter Andersson and loses puck.
6:19 of 3rd period - Penalty to Jake Muzzin is over, Jake Muzzin is back on ice.
6:25 of 3rd period - Lars Eller is hit by Duncan Siemens and loses puck.
6:32 of 3rd period - Lars Eller is hit by Duncan Siemens and loses puck.
6:53 of 3rd period - Duncan Siemens is hit by Tyler Pitlick and loses puck.
7:08 of 3rd period - Icing by Mikko Vainonen.
7:09 of 3rd period - Corey Trivino wins face-off versus Zach Stepan in Thunder zone.
7:37 of 3rd period - Brian Dumoulin is hit by Gianluca Curcuruto and loses puck.
7:45 of 3rd period - Minor Penalty to Gianluca Curcuruto for Holding.
7:46 of 3rd period - Lars Eller wins face-off versus Dany Roussin in Thunder zone.
7:49 of 3rd period - Wrist shot by Nick Spaling.
7:49 of 3rd period - Goal by Nick Spaling - Thunder : 4 - Diablos : 6.
7:49 of 3rd period - Niklas Treutle enters game.
7:50 of 3rd period - Lars Eller wins face-off versus Benn Ferriero in neutral zone.
8:08 of 3rd period - Dany Roussin is hit by Lars Eller and loses puck.
8:09 of 3rd period - Dany Roussin from Thunder is injured at 8:09 of 3rd period (Bruised Left Shoulder).
8:10 of 3rd period - Ryan Nugent-Hopkins wins face-off versus Lars Eller in neutral zone.
8:13 of 3rd period - Wrist shot by Benn Ferriero.
8:13 of 3rd period - Shot Misses the Net.
8:15 of 3rd period - Snap shot by Peter Andersson.
8:15 of 3rd period - Shot Misses the Net.
8:18 of 3rd period - Minor Penalty to Lars Eller for High sticking.
8:19 of 3rd period - Ryan Nugent-Hopkins wins face-off versus Corey Trivino in Diablos zone.
9:10 of 3rd period - Jason Akeson is hit by Benn Ferriero.
9:45 of 3rd period - Icing by Benn Ferriero.
9:46 of 3rd period - Peter Holland wins face-off versus Ryan Nugent-Hopkins in Thunder zone.
9:59 of 3rd period - Wrist shot by Jake Muzzin.
9:59 of 3rd period - Goal by Jake Muzzin - Thunder : 5 - Diablos : 6.
10:00 of 3rd period - Ryan Nugent-Hopkins wins face-off versus Lars Eller in neutral zone.
10:11 of 3rd period - Snap shot by Benn Ferriero.
10:11 of 3rd period - Stopped by Kristers Gudlevskis with a rebound.
10:13 of 3rd period - Snap shot by Benn Ferriero.
10:13 of 3rd period - Stopped by Kristers Gudlevskis without a rebound.
10:14 of 3rd period - Ryan Nugent-Hopkins wins face-off versus Lars Eller in Diablos zone.
10:15 of 3rd period - Wrist shot by Benn Ferriero.
10:15 of 3rd period - Stopped by Kristers Gudlevskis without a rebound.
10:16 of 3rd period - Lars Eller wins face-off versus Ryan Nugent-Hopkins in Diablos zone.
10:41 of 3rd period - Philip Larsen is hit by Jared Staal and loses puck.
10:50 of 3rd period - Slapshot by Trevor Lewis.
10:50 of 3rd period - Deflect By Jared Staal.
10:50 of 3rd period - Stopped by Kristers Gudlevskis with a rebound.
10:52 of 3rd period - Slapshot by David Wolf.
10:52 of 3rd period - Stopped by Kristers Gudlevskis without a rebound.
10:53 of 3rd period - Lars Eller wins face-off versus Ryan Nugent-Hopkins in Diablos zone.
11:04 of 3rd period - Snap shot by Benn Ferriero.
11:04 of 3rd period - Shot Misses the Net.
11:06 of 3rd period - Snap shot by Adam Clendening.
11:06 of 3rd period - Stopped by Kristers Gudlevskis with a rebound.
11:08 of 3rd period - Slapshot by Adam Clendening.
11:08 of 3rd period - Deflect By Benn Ferriero.
11:08 of 3rd period - Stopped by Kristers Gudlevskis with a rebound.
11:27 of 3rd period - Wrist shot by Jordan Szwarz.
11:27 of 3rd period - Shot Blocked by Trevor Lewis.
11:29 of 3rd period - Snap shot by Jordan Szwarz.
11:29 of 3rd period - Deflect By Corey Trivino.
11:29 of 3rd period - Shot Blocked by Peter Andersson.
11:29 of 3rd period - Puck is out of play.
11:30 of 3rd period - Marek Zagrapan wins face-off versus Ryan Nugent-Hopkins in Thunder zone.
11:31 of 3rd period - Snap shot by Danny Kristo.
11:31 of 3rd period - Shot Blocked by Peter Andersson.
11:33 of 3rd period - Snap shot by Bryan Bickell.
11:33 of 3rd period - Goal by Bryan Bickell - Thunder : 5 - Diablos : 7.
11:34 of 3rd period - Ryan Nugent-Hopkins wins face-off versus Lars Eller in neutral zone.
11:43 of 3rd period - Snap shot by Lars Eller.
11:43 of 3rd period - Shot Misses the Net.
12:54 of 3rd period - Minor Penalty to Duncan Siemens for Hooking.
12:55 of 3rd period - Lars Eller wins face-off versus Jarrod Maidens in Thunder zone.
12:56 of 3rd period - Slapshot by Nick Spaling.
12:56 of 3rd period - Deflect By Jake Muzzin.
12:56 of 3rd period - Stopped by Niklas Treutle with a rebound.
13:27 of 3rd period - Snap shot by Jordan Szwarz.
13:27 of 3rd period - Goal by Jordan Szwarz - Thunder : 5 - Diablos : 8.
13:28 of 3rd period - Lars Eller wins face-off versus Trevor Lewis in neutral zone.
13:31 of 3rd period - Wrist shot by Philip Larsen.
13:31 of 3rd period - Deflect By Nick Spaling.
13:31 of 3rd period - Shot Misses the Net.
13:31 of 3rd period - Puck is out of play.
13:32 of 3rd period - Lars Eller wins face-off versus Trevor Lewis in Thunder zone.
13:40 of 3rd period - Minor Penalty to David Wolf for Cross-checking.
13:41 of 3rd period - Lars Eller wins face-off versus Jarrod Maidens in Thunder zone.
13:44 of 3rd period - Backhand shot by Jason Akeson.
13:44 of 3rd period - Shot Misses the Net.
14:16 of 3rd period - Slapshot by Brian Dumoulin.
14:16 of 3rd period - Deflect By Jordan Szwarz.
14:16 of 3rd period - Shot Misses the Net.
14:16 of 3rd period - Puck is out of play.
14:17 of 3rd period - Ryan Nugent-Hopkins wins face-off versus Lars Eller in Thunder zone.
14:28 of 3rd period - Adam Clendening is hit by Jason Akeson and loses puck.
15:02 of 3rd period - Cameron Gaunce is hit by Ryan Nugent-Hopkins and loses puck.
15:40 of 3rd period - Penalty to David Wolf is over, David Wolf is back on ice.
15:51 of 3rd period - Nikolay Prokhorkin is hit by Tyler Pitlick and loses puck.
16:29 of 3rd period - Bryan Bickell is hit by Mikko Vainonen and loses puck.
16:42 of 3rd period - Snap shot by Danny Kristo.
16:42 of 3rd period - Stopped by Niklas Treutle with a rebound.
16:44 of 3rd period - Snap shot by Bryan Bickell.
16:44 of 3rd period - Goal by Bryan Bickell - Thunder : 5 - Diablos : 9.
16:45 of 3rd period - Ryan Nugent-Hopkins wins face-off versus Lars Eller in neutral zone.
17:10 of 3rd period - Lars Eller is hit by Peter Andersson and loses puck.
17:15 of 3rd period - Wrist shot by Thomas Spelling.
17:15 of 3rd period - Stopped by Kristers Gudlevskis without a rebound.
17:16 of 3rd period - Joe Labate wins face-off versus Corey Trivino in Diablos zone.
18:07 of 3rd period - Slapshot by Jamie McGinn.
18:07 of 3rd period - Deflect By Joe Labate.
18:07 of 3rd period - Stopped by Kristers Gudlevskis with a rebound.
18:11 of 3rd period - Snap shot by Thomas Spelling.
18:11 of 3rd period - Stopped by Kristers Gudlevskis with a rebound.
18:13 of 3rd period - Slapshot by Joe Labate.
18:13 of 3rd period - Stopped by Kristers Gudlevskis with a rebound.
18:15 of 3rd period - Snap shot by Mikko Vainonen.
18:15 of 3rd period - Stopped by Kristers Gudlevskis with a rebound.
18:17 of 3rd period - Slapshot by Mikko Vainonen.
18:17 of 3rd period - Deflect By Brian Dumoulin.
18:17 of 3rd period - Stopped by Kristers Gudlevskis with a rebound.
18:19 of 3rd period - Slapshot by Joe Labate.
18:19 of 3rd period - Stopped by Kristers Gudlevskis with a rebound.
18:21 of 3rd period - Snap shot by Joe Labate.
18:21 of 3rd period - Goal by Joe Labate - Thunder : 6 - Diablos : 9.
18:22 of 3rd period - Lars Eller wins face-off versus Ryan Nugent-Hopkins in neutral zone.
18:33 of 3rd period - Slapshot by Ryan Nugent-Hopkins.
18:33 of 3rd period - Stopped by Kristers Gudlevskis with a rebound.
19:05 of 3rd period - Minor Penalty to Jiri Sekac for Unsportsmanlike conduct.
19:06 of 3rd period - Corey Trivino wins face-off versus Colby Cave in Diablos zone.
19:59 of 3rd period - Corey Trivino is hit by Vincent Dunn and loses puck.
Goals for this period are 3 for Thunder vs 6 for Diablos .
Shots for this period are 19 for Thunder vs 10 for Diablos .
Back to the Top